 Dungeon Crawl Stone Soup version 0.30-a0-743-gbfdf073431 (webtiles) character file.

Game seed: 16991350720506901959

57265 sanka the Warrior (level 14, -1/133 (135) HPs)
             Began as a White Draconian Delver on Feb 7, 2023.
             Was a High Priest of Okawaru.
             Slain by an orc knight
             ... wielding a +0 great sword
              (22 damage)
             ... on level 1 of the Orcish Mines.
             The game lasted 00:38:41 (22591 turns).

sanka the Warrior (White Draconian Delver)         Turns: 22591, Time: 00:38:42

HP:   -1/133 (135)  AC: 17    Str: 18    XL:     14   Next: 45%
MP:   21/21         EV: 34    Int: 10    God:    Okawaru [*****.]
Gold: 1205          SH:  5    Dex: 18    Spells: 13/13 levels left

rFire   . . .      SeeInvis .    x - +8 trident of the Octopus King {venom, rElec rPois}
rCold   + . .      Faith    .    (no shield)
rNeg    . . .      Spirit   .    (body armour unavailable)
rPois   +          Reflect  +    (helmet restricted)
rElec   +          Harm     .    I - +1 cloak of Starlight {*Dazzle EV+4 Stlth--}
rCorr   .          Rampage  .    (no gloves)
Will    +....                    h - +2 pair of boots "Reiffis" {Str+3}
Stlth   ++                       D - amulet of reflection
HPRegen 0.42/turn                O - +4 ring of protection
MPRegen 0.17/turn                t - +5 ring of evasion

@: heroic, studying Short Blades, lightly drained
A: breathe frost, AC +8, unfitting armour, cold resistance 1, cold-blooded
a: Breathe Frost, Renounce Religion, Heroism, Finesse, Duel


You were on level 1 of the Orcish Mines.
You worshipped Okawaru.
Okawaru was extremely pleased with you.
You visited 4 branches of the dungeon, and saw 19 of its levels.
You also visited: Volcano.

You collected 2414 gold pieces.
You spent 1209 gold pieces at shops.


Innate Abilities, Weirdness & Mutations

You can breathe waves of freezing cold which knock back foes.
Your icy white scales are hard. (AC +8)
You cannot fit into any form of body armour.
Your flesh is cold resistant. (rC+)
You are cold-blooded and may be slowed by cold attacks.


   Skills:
 - Level 15.0(20.0) Fighting
 + Level 9.2(14.2) Long Blades
 - Level 15.0(20.0) Dodging
 - Level 4.5(9.5) Stealth
 - Level 8.3(13.3) Unarmed Combat
 - Level 10.0 Invocations


You had 13 spell levels left.
You didn't know any spells.
Your spell library contained the following spells:

 Spells                   Type           Power      Damage    Failure   Level
 Sting                    Tmut/Pois      0%         1d3       36%         1
 Blink                    Tloc           0%         N/A       50%         2
 Lesser Beckoning         Tloc           0%         N/A       50%         2
 Momentum Strike          Conj/Tloc      0%         3d8       50%         2
 Poisonous Vapours        Pois/Air       0%         N/A       50%         2
 Frozen Ramparts          Ice            0%         1d1       75%         3
 Anguish                  Hex/Necr       0%         N/A       98%         4
 Ice Form                 Ice/Tmut       0%         N/A       98%         4
 Olgreb's Toxic Radiance  Pois           0%         N/A       98%         4
 Summon Ice Beast         Ice/Summ       Unusable   N/A       N/A         4

Inventory:

Hand Weapons
 n - a +2 triple sword of flaming
 x - the +8 trident of the Octopus King (weapon) {venom, rElec rPois} rElec: It insulates you from electricity. rPois: It protects you from poison.
 y - the +8 spear "Sefof" {freeze, *Slow rF+ Will+ Int+5}

   Int:       It affects your intelligence (+5).
   rF:        It protects you from fire.
   *Slow:     It may slow you when you take damage.
   Will:      It increases your willpower.
 E - a +0 quick blade of flaming
Missiles
 g - 80 poisoned darts (quivered)
 G - 2 curare-tipped darts {=f}
Armour
 h - the +2 pair of boots "Reiffis" (worn) {Str+3}

   Str:       It affects your strength (+3).
 I - the +1 cloak of Starlight (worn) {*Dazzle EV+4 Stlth--} *Dazzle: It may blind those who miss an attack against the wearer in melee combat. EV: It affects your evasion (+4). Stlth: It makes you much less stealthy.
 P - the -1 hat of the Doldrums {Fly rN+} rN: It protects you from negative energy. Fly: It grants you flight.
Jewellery
 o - a ring of willpower
 q - a ring of ice
 t - a +5 ring of evasion (right hand)
 B - a ring of fire
 D - an amulet of reflection (around neck)
 K - a ring of willpower
 O - a +4 ring of protection (left hand)
Wands
 e - a wand of digging (9)
 F - a wand of light (21)
 L - a wand of polymorph (3)
Scrolls
 a - 3 scrolls of fog
 b - 5 scrolls of magic mapping
 c - 2 scrolls of fear
 l - 2 scrolls of poison
 m - a scroll of torment {!r}
 p - 2 scrolls of blinking
 v - 3 scrolls of enchant armour
 C - 4 scrolls of teleportation {@r4}
 Q - a scroll of immolation {!r}
Potions
 d - 3 potions of haste {@q3}
 f - 5 potions of mutation {!q}
 i - 2 potions of might
 j - 9 potions of curing {@q1}
 k - a potion of heal wounds {@q2}
 r - 5 potions of attraction {!q}
 s - a potion of resistance {unknown}
 u - 3 potions of lignification {!q}
 w - 5 potions of flight
 z - 2 potions of ambrosia {unknown}
 A - a potion of cancellation {unknown}
 J - a potion of invisibility {unknown}
Miscellaneous
 N - a tin of tremorstones (2/2)

Dungeon Overview and Level Annotations

Branches:
Dungeon (11/15)            Temple (1/1) D:6            Lair (5/5) D:11
 Shoals (0/4) Lair:2        Snake (0/4) Lair:3        Slime (0/5) Lair:5
    Orc (2/2) D:9             Elf (0/3) Orc:2       Volcano (visited)

Altars:
Ashenzari
Cheibriados
Dithmenos
Elyvilon
Fedhas
Gozag
Hepliaklqana
Kikubaaqudgha
Makhleb
Nemelex Xobeh
Okawaru
Qazlal
Ru
Sif Muna
Trog
Uskayaw
Vehumet
Wu Jian
Xom
Yredelemnul
Zin
The Shining One
Jiyva

Shops:
D:2 (   D:4 =!   D:5 *   D:7 *   D:8 (   D:9 [   Orc:1 **

Annotations:
D:5 2 exclusions
Lair:1 1 runed translucent door, Uhykki's ghost, journeyman DjFE

▒.....▒..........▒▒▒...▒
▒▒...............▒ ▒▒.▒▒
▒▒▒..▒.........▒▒ ▒▒▒
▒▒............▒▒
▒▒.▒..........▒▒
▒..............▒▒▒
▒▒...............▒▒
▒▒......o....▒....▒
▒▒.▒..▒.d).........▒▒▒
▒......o.[...........▒▒
▒▒................▒....▒▒
▒.................▒▒....▒
▒▒.▒.▒▒.▒▒.▒▒▒...▒▒▒▒▒.▒▒
▒▒▒▒▒▒▒▒▒▒▒ ▒▒▒▒▒ ▒▒▒


You could see 2 orc knights.


Message History

The orc knight is lightly wounded.
You block the orc knight's attack. The orc knight misses you.
The orc knight is temporarily struck blind!
You hit the orc knight but do no damage.
The orc knight looks as sick as possible!
The orc knight is lightly wounded.
You block the orc knight's attack. The orc knight closely misses you.
You hit the orc knight.
The orc knight looks as sick as possible!
You tail-slap the orc knight. Your punch misses the orc knight.
The orc knight is moderately wounded.
The orc knight no longer looks unusually strong.
The orc knight barely misses you. The orc knight barely misses you.
You puncture the orc knight!
The orc knight looks as sick as possible!
The orc knight is heavily wounded.
The orc knight hits you with a +0 great sword!
* * * LOW HITPOINT WARNING * * *
The orc knight misses you.
The orc knight is blinded by the light from your cloak!
You hit the orc knight but do no damage.
The orc knight looks as sick as possible!
You tail-slap the orc knight, but do no damage.
The orc knight is heavily wounded.
The orc knight hits you with a +0 great sword!!
You die...

Action                     |  1- 3 |  4- 6 |  7- 9 | 10-12 | 13-15 || total
---------------------------+-------+-------+-------+-------+-------++-------
  Melee: Unarmed           |   134 |   313 |    14 |       |       ||   461
         Tailslap          |    11 |    46 |    28 |   134 |   144 ||   363
         Punch             |     1 |    17 |    13 |    62 |    64 ||   157
         Trident           |       |       |   213 |   748 |   799 ||  1760
 Invoke: Heroism           |       |       |     4 |    18 |    19 ||    41
         Finesse           |       |       |       |     1 |       ||     1
  Evoke: Wand              |       |       |       |     1 |       ||     1
    Use: Scroll            |       |       |     8 |     4 |     6 ||    18
         Potion            |       |       |       |     3 |       ||     3
   Stab: Sleeping          |    12 |     9 |    10 |     4 |     1 ||    36
         Distracted        |       |     1 |     1 |     2 |       ||     4
         Invisible         |       |       |       |    32 |    47 ||    79
         Petrified         |       |       |       |       |    12 ||    12
 Armour: Skin              |    23 |    74 |    30 |   127 |   134 ||   388
  Dodge: Dodged            |    70 |   179 |   219 |  1280 |  1114 ||  2862
  Block: Other             |       |       |    42 |   260 |   197 ||   499
         Reflection        |       |       |    11 |     1 |     4 ||    16

Levels and vault maps discovered:
D:1:      dpeg_arrival_simpleton_c, layout_basic
D:2:      layout_loops_ring, serial_shops, nicolae_shop_stone, st_stairs_1
D:3:      layout_basic, gup_sewer_entry_spiral, minmay_misc_feat_iff
D:4:      kennysheep_kobold_camp, layout_loops_corners, serial_shops,
          nicolae_shop_stone, shop, serial_rivers,
          chequers_serial_rivers_large_a, chequers_serial_rivers_micro_d,
          chequers_serial_rivers_micro_c, chequers_serial_rivers_room_a,
          chequers_serial_rivers_room_b, chequers_serial_rivers_small_b
D:5:      nicolae_cairo_tiling_very_big, layout_loops_ring, serial_shops,
          nicolae_shop_hallway_plus
D:6:      layout_rooms, temple_fountains
D:7:      layout_loops_cross, guppyfry_shop_venom
D:8:      layout_rooms, serial_shops, shop, minmay_manual_mail
D:9:      layout_basic, orc_0_dummy, special_room [special_room_kobold],
          serial_shops, kennysheep_mini, kennysheep_generic_room_16
D:10:     layout_loops_cross, lemuel_zombie_altar_yredelemnul, tso_oasis_becter,
          fiery_altar_vehumet, mainiacjoe_overflow_boulevard,
          kennysheep_generic_room_10, uniq_joseph
D:11:     layout_gridville, minmay_lair_entry_grove, grunt_ministairs_13,
          uniq_erolcha
Temple:   dpeg_five_rooms_temple
Lair:1:   minmay_lair_venomous_thicket, layout_chaotic_city, ebering_ghost_xom,
          minmay_shattered_shrine, lemuel_fruit_tree, infiniplex_staircase_pool
Lair:2:   layout_hall_layers, nicolae_shoals_entry_roost, beast_lair_carwin_4
Lair:3:   layout_chaotic_city, nicolae_snake_entry_warm_welcome,
          nicolae_quartered_pool_super, chequers_serial_rivers_room_a,
          roderic_batcave, grunt_megastairs_2
Lair:4:   layout_layer_cave, enter_volcano_2, cheibrodos_lair_reptile_den
Lair:5:   grunt_lair_end_beastmaster, layout_loops_ring,
          minmay_slime_entry_jelly_boxes
Orc:1:    layout_caves, serial_shops, shop, nicolae_shop_overcharged_wands
Orc:2:    st_orc_elflike, layout_caves, nicolae_orc_lava_room

Notes
Turn   | Place    | Note
-------+----------+-------------------------------------------
     0 | D:5      | sanka the Draconian Delver began the quest for the Orb.
     0 | D:5      | Reached XP level 1. HP: 19/19 MP: 1/1
     2 | D:5      | Noticed an iguana
   519 | D:3      | Reached XP level 2. HP: 26/26 MP: 2/2
   560 | D:2      | Reached skill level 3 in Unarmed Combat
   755 | D:1      | Reached XP level 3. HP: 24/31 MP: 3/3
  1344 | D:1      | Reached skill level 4 in Unarmed Combat
  1846 | D:2      | Reached XP level 4. HP: 38/38 MP: 4/4
  1854 | D:2      | Found Onazy's Weapon Shoppe.
  2684 | D:2      | Reached skill level 5 in Unarmed Combat
  2747 | D:2      | Reached XP level 5. HP: 29/45 MP: 5/5
  3897 | D:4      | Found Emno Unt's Jewellery Shop.
  4007 | D:4      | Reached skill level 6 in Unarmed Combat
  4112 | D:4      | Reached XP level 6. HP: 19/51 MP: 6/6
  4365 | D:4      | Found Ibbuonweaso's Distillery.
  4392 | D:4      | Bought a potion of heal wounds for 65 gold pieces
  4392 | D:4      | Bought a potion of curing for 39 gold pieces
  4392 | D:4      | Bought a potion of lignification for 39 gold pieces
  4705 | D:4      | Reached skill level 7 in Unarmed Combat
  4907 | D:4      | Got the Secrets of Ghoulish Nausea
  5926 | D:5      | Your scales start taking on an icy white colour.
  5926 | D:5      | Reached XP level 7. HP: 44/57 MP: 7/7
  5926 | D:5      | Gained mutation: Your flesh is cold resistant. (rC+) [White
                  | Draconian growth]
  5987 | D:5      | Found Nomnax's Assorted Antiques.
  6051 | D:5      | Reached skill level 8 in Unarmed Combat
  6277 | D:5      | Found the +8 trident of the Octopus King {venom, rElec
                  | rPois}
  6456 | D:6      | Reached skill level 2 in Dodging
  6479 | D:6      | Found a staircase to the Ecumenical Temple.
  6512 | Temple   | Entered the Ecumenical Temple
  6825 | Temple   | Became a worshipper of Warmaster Okawaru
  7012 | D:6      | Reached skill level 4 in Fighting
  7035 | D:6      | Identified the +8 spear "Sefof" {freeze, *Slow rF+ Will+
                  | Int+5}
  7057 | D:6      | Reached skill level 3 in Dodging
  7096 | D:6      | Reached skill level 5 in Fighting
  7096 | D:6      | Reached XP level 8. HP: 68/68 MP: 8/8
  7202 | D:6      | Reached * piety under Okawaru
  7203 | D:6      | Reached skill level 4 in Dodging
  7393 | D:7      | Found Ojoas's Serpentskin Sales.
  7402 | D:7      | Reached skill level 2 in Invocations
  7481 | D:7      | Reached skill level 3 in Invocations
  7626 | D:7      | Reached skill level 4 in Invocations
  7764 | D:7      | Reached skill level 6 in Fighting
  8266 | D:8      | Reached ** piety under Okawaru
  8500 | D:4      | Bought a potion of might for 52 gold pieces
  8500 | D:4      | Bought a potion of haste for 130 gold pieces
  8599 | D:8      | Reached skill level 5 in Dodging
  8622 | D:8      | Reached XP level 9. HP: 23/78 MP: 12/12
  8880 | D:8      | Killed an unseen horror
  8881 | D:8      | Reached skill level 7 in Fighting
  9057 | D:8      | Found Beplua's Antique Weapon Shop.
  9361 | D:9      | Identified a scroll of acquirement
  9367 | D:9      | Acquired the +2 pair of boots "Reiffis" {Str+3}
  9386 | D:9      | Reached skill level 6 in Dodging
  9396 | D:9      | Reached skill level 8 in Fighting
  9519 | D:9      | Noticed a kobold demonologist
  9521 | D:9      | Noticed a rust devil
  9526 | D:9      | Reached *** piety under Okawaru
  9529 | D:9      | Killed a kobold demonologist
  9530 | D:9      | Reached skill level 9 in Fighting
  9530 | D:9      | Reached skill level 7 in Dodging
  9698 | D:9      | Reached XP level 10. HP: 77/91 MP: 13/13
  9776 | D:9      | Found a staircase to the Orcish Mines.
  9869 | D:9      | Reached **** piety under Okawaru
  9906 | D:9      | Noticed a two-headed ogre
  9916 | D:9      | Killed a two-headed ogre
  9917 | D:9      | Reached skill level 10 in Fighting
  9917 | D:9      | Reached skill level 8 in Dodging
  9994 | D:9      | Reached skill level 9 in Dodging
 10050 | D:9      | Found Nokhask's Antique Armour Shop.
 10389 | D:10     | Entered Level 10 of the Dungeon
 10390 | D:10     | Noticed Joseph
 10402 | D:10     | Killed Joseph
 10407 | D:10     | Reached skill level 10 in Dodging
 10514 | D:10     | Found a radiant altar of Vehumet.
 10574 | D:10     | Found a burning altar of Makhleb.
 10728 | D:10     | Reached ***** piety under Okawaru
 10784 | D:10     | Found a basalt altar of Yredelemnul.
 10946 | D:10     | Reached skill level 5 in Invocations
 10948 | D:10     | Reached XP level 11. HP: 90/101 MP: 14/14
 11081 | D:10     | Received a gift from Okawaru
 11304 | D:10     | Found a glowing golden altar of the Shining One.
 11351 | D:11     | Noticed a white ugly thing
 11359 | D:11     | Killed a white ugly thing
 11711 | D:11     | Found a staircase to the Lair.
 11749 | D:11     | Reached skill level 6 in Invocations
 11794 | D:11     | Reached skill level 11 in Fighting
 12352 | D:11     | Noticed Erolcha
 12380 | D:11     | Reached skill level 11 in Dodging
 12551 | D:11     | Identified the +2 leather armour "Omui" {Fly Regen+ Int-4
                  | Dex+2}
 12579 | D:11     | Killed Erolcha
 12580 | D:11     | Reached skill level 7 in Invocations
 13080 | D:11     | Acquired 1072 gold pieces
 13181 | D:9      | Bought the +1 cloak of Starlight {*Dazzle EV+4 Stlth--} for
                  | 884 gold pieces
 13181 | D:9      | Found the +1 cloak of Starlight {*Dazzle EV+4 Stlth--}
 13427 | Lair:1   | Entered Level 1 of the Lair of Beasts
 13459 | Lair:1   | Found a runed translucent door.
 13460 | Lair:1   | Found a shimmering altar of Xom.
 13460 | Lair:1   | Noticed Uhykki's ghost (journeyman DjFE)
 13460 | Lair:1   | Noticed a +1 quarterstaff of chaos
 13616 | Lair:1   | Reached skill level 12 in Fighting
 13635 | Lair:1   | Reached skill level 8 in Invocations
 13665 | Lair:1   | Reached XP level 12. HP: 63/112 MP: 18/18
 14147 | Lair:1   | Reached skill level 9 in Invocations
 14237 | Lair:1   | Reached skill level 12 in Dodging
 14336 | Lair:1   | Noticed a six-headed hydra
 14350 | Lair:1   | Killed a six-headed hydra
 14778 | Lair:2   | Reached skill level 13 in Fighting
 14789 | Lair:1   | Received a gift from Okawaru
 15131 | Lair:2   | Reached skill level 10 in Invocations
 15224 | Lair:2   | Found a staircase to the Shoals.
 15226 | Lair:2   | Identified the +1 cloak of Qynal {rN+ rCorr} (Okawaru
                  | gifted it to you on level 2 of the Lair of Beasts)
 15226 | Lair:2   | Received a gift from Okawaru
 15941 | Lair:3   | Noticed a seven-headed hydra
 15954 | Lair:3   | Killed a seven-headed hydra
 15955 | Lair:3   | Reached skill level 14 in Fighting
 15955 | Lair:3   | Reached skill level 13 in Dodging
 15955 | Lair:3   | Reached XP level 13. HP: 116/124 MP: 18/20
 16700 | Lair:3   | Found a staircase to the Snake Pit.
 17366 | Lair:4   | Found a dark tunnel.
 17381 | Volcano  | Entered a volcano
 17418 | Volcano  | Reached skill level 15 in Fighting
 17559 | Volcano  | Reached skill level 14 in Dodging
 17957 | Volcano  | Noticed an orb of fire
 18131 | Volcano  | Noticed an orb of fire
 19083 | Lair:4   | Reached skill level 15 in Dodging
 19487 | Lair:5   | Entered Level 5 of the Lair of Beasts
 19492 | Lair:5   | Reached skill level 1 in Long Blades
 19529 | Lair:5   | Reached skill level 2 in Long Blades
 19577 | Lair:5   | Reached skill level 3 in Long Blades
 19904 | Lair:5   | Reached skill level 4 in Long Blades
 19923 | Lair:5   | Reached XP level 14. HP: 131/135 MP: 21/21
 19999 | Lair:5   | Found a staircase to the Slime Pits.
 20012 | Lair:5   | Found a viscous altar of Jiyva.
 20168 | Lair:5   | Reached skill level 5 in Long Blades
 20220 | Lair:5   | Identified the -1 hat of the Doldrums {Fly rN+} (Okawaru
                  | gifted it to you on level 5 of the Lair of Beasts)
 20220 | Lair:5   | Received a gift from Okawaru
 20411 | Lair:5   | Reached skill level 6 in Long Blades
 20598 | Lair:5   | Reached skill level 7 in Long Blades
 20787 | Lair:5   | Identified the +0 robe of Dochaopt {rCorr Str+4 Int+2}
 21297 | Orc:1    | Entered Level 1 of the Orcish Mines
 21320 | Orc:1    | Reached skill level 8 in Long Blades
 21404 | Orc:1    | Paralysed by an orc sorcerer for 5 turns
 21877 | Orc:1    | Found Haehyejyng's General Store.
 21896 | Orc:1    | Found Jautuge's Overcharged Wands.
 22270 | Orc:2    | Entered Level 2 of the Orcish Mines
 22274 | Orc:2    | Found a staircase to the Elven Halls.
 22345 | Orc:2    | Paralysed by an orc sorcerer for 3 turns
 22352 | Orc:2    | Reached skill level 9 in Long Blades
 22591 | Orc:1    | Slain by an orc knight

Vanquished Creatures
  7 hydras
  Erolcha (D:11)
  A catoblepas (Lair:5)
  A two-headed ogre (D:9)
  A deep troll shaman (Lair:5)
  10 death yaks
  An orc high priest (Orc:1)
  A hell knight (Volcano)
  A lindwurm (Lair:5)
  2 harpies (Lair:2)
  An orc knight (Orc:1)
  A wolf spider (Lair:1)
  5 cyclopes
  An ugly thing (D:11)
  4 orc sorcerers
  2 salamanders
  Joseph (D:10)
  A centaur zombie (D:10)
  5 black mambas
  A torpor snail (Lair:5)
  6 elephants
  2 molten gargoyles (Volcano)
  7 rime drakes
  12 cane toads
  4 gargoyles
  A kobold demonologist (D:9)
  10 komodo dragons
  An unseen horror (D:8)
  An unseen horror zombie (D:10)
  3 trolls
  A polar bear (Lair:5)
  A hornet (Lair:1)
  9 blink frogs
  2 shadows
  A wraith (D:10)
  9 wyverns
  2 basilisks
  2 vampires (D:11)
  44 yaks
  4 vampire mosquitoes (D:11)
  2 steam dragons
  A warg (Orc:1)
  An acid dragon (D:9)
  19 water moccasins
  4 black bears
  A sky beast (D:6)
  11 orc warriors
  2 ice beasts
  4 ogres
  20 wolves
  A phantom (D:6)
  4 centaurs
  15 bullfrogs
  A necrophage (D:5)
  11 kobold brigands
  A gnoll sergeant (D:10)
  A scorpion (D:11)
  A killer bee (D:9)
  An electric eel (Lair:3)
  2 vampire bats (Lair:3)
  4 lava snakes (Lair:3)
  14 orc priests
  A gnoll bouda (D:8)
  17 jellies
  3 hounds
  5 iguanas
  8 orc wizards
  24 adders
  9 gnolls
  2 river rats (D:3)
  2 shadow imps
  5 white imps
  An ufetubus (D:3)
  5 dart slugs
  40 orcs
  6 ball pythons
  5 endoplasms
  4 giant cockroaches
  7 hobgoblins
  9 jackals
  7 quokkas
  10 bats
  A frilled lizard (D:2)
  13 goblins
  41 kobolds
  4 rats
520 creatures vanquished.

Vanquished Creatures (others)
  A molten gargoyle (Volcano)
  An orc priest (Orc:1)
  4 bushes (D:11)
  41 fungi
  162 plants
209 creatures vanquished.

Grand Total: 729 creatures vanquished
